 Dungeon Crawl Stone Soup version 0.17.1-3-g152610e (webtiles) character file.

1606 Jerry the Protected (level 8, -1/69 HPs)
             Began as a Deep Dwarf Berserker on Mar 7, 2016.
             Was a Priest of Trog.
             Succumbed to an orc wizard's poison
             ... on level 6 of the Dungeon.
             The game lasted 00:36:47 (5523 turns).

Jerry the Protected (Deep Dwarf Berserker)          Turns: 5523, Time: 00:36:47

Health: -1/69      AC: 10    Str: 23    XL:     8   Next: 63%
Magic:  21/21      EV: 11    Int:  8    God:    Trog [***...]
Gold:   227        SH:  0    Dex: 12    Spells: 0 memorised, 7 levels left

rFire  . . .     SeeInvis .     p - +0 war axe
rCold  . . .     Clarity  .     A - +0 scale mail
rNeg   . . .     SustAt   .     (no shield)
rPois  .         Gourm    .     (no helmet)
rElec  .         Spirit   .     i - +1 cloak
rCorr  .         Warding  .     (no gloves)
rMut   .         Stasis   .     (no boots)
MR     +....                    (no amulet)
Stlth  ..........               (no ring)
                                v - ring of magical power

@: lethally poisoned (-1 -> -3), non-regenerating, somewhat resistant to hostile
enchantments, extremely unstealthy
A: damage resistance, recharge devices, sense surroundings 1, slow regeneration
3
a: Device Recharging, Berserk, Trog's Hand, Burn Spellbooks, Renounce Religion


You were on level 6 of the Dungeon.
You worshipped Trog.
Trog was most pleased with you.
You were hungry.

You visited 1 branch of the dungeon, and saw 6 of its levels.
You also visited: Sewer.

You collected 227 gold pieces.

Inventory:

Hand Weapons
 p - a +0 war axe (weapon)
Missiles
 q - 5 tomahawks (quivered)
Armour
 i - a +1 cloak (worn)
 A - a +0 scale mail (worn)
Jewellery
 v - a ring of magical power (left hand)
Wands
 a - a wand of random effects (13)
 c - a wand of heal wounds (7)
Scrolls
 e - a scroll of recharging
 l - 4 scrolls of enchant armour
 m - a scroll of blinking
 o - 6 scrolls of identify
 s - 4 scrolls of remove curse
Potions
 h - 3 potions of curing
 j - a potion of ambrosia {unknown}
 k - a potion of resistance {unknown}
 r - a potion of magic {unknown}
 t - a potion of cure mutation {unknown}
 u - a potion of haste {unknown}
 x - 3 potions of flight
 z - 2 potions of heal wounds
Comestibles
 b - 3 fruits
 d - 3 bread rations
 g - 6 meat rations
 n - 2 royal jellies


   Skills:
 - Level 3.1 Fighting
 + Level 7.9 Axes
 + Level 8.3 Armour
 - Level 2.1 Dodging
 + Level 5.5 Evocations


You had 7 spell levels left.
You didn't know any spells.

Dungeon Overview and Level Annotations

Branches:
Dungeon (6/15)
 Temple: D:4-7

Altars:
Kikubaaqudgha
Makhleb
Ru
Yredelemnul
The Shining One

Shops:
D:4 (


Innate Abilities, Weirdness & Mutations

You are resistant to damage.
You can recharge devices by infusing magical energy.
You passively map a small area around you.
You do not regenerate naturally.


Message History

You feel sick. The orc wizard casts a spell at you. The magic dart hits you!
The orc throws a tomahawk.
The tomahawk hits you but does no damage.
The orc wizard barely misses you.
You slash the orc wizard!
You kill the orc wizard!
Trog accepts your kill.
Trog appreciates your killing of a magic user.
* * * LOW HITPOINT WARNING * * *
You feel sick.
You closely miss the orc.
* * * LOW HITPOINT WARNING * * *
You feel very sick. The orc hits you but does no damage.
You slash the orc!
You kill the orc!
Trog accepts your kill.
The sentinel's mark upon you fades away.
You die...

###.###....≈≈≈§≈.........######.#
### #....≈≈≈≈≈≈....)...# ##.
##...≈≈≈≈≈≈≈≈≈......# ## ##
#....≈≈≈§§≈≈≈≈≈..#.## # <#
#..≈≈≈≈≈≈≈§≈≈≈≈≈.#.### # .#
##....≈≈≈≈≈≈≈≈≈.......# #
.####.......≈≈≈≈≈.........##### #
......#.........))............# #
.######.........@)........###.#
.# #...................###.### .#
#...............#####...... ##
##.##(##.###............###
#.##....# ######.#######.[
#.#####.## #.# #.# #........###
###.### #.* ######.....###...>.#
#.# ##..............# #..


There were no monsters in sight!

Vanquished Creatures
  Sigmund (D:3)
  A hippogriff (D:5)
  2 orc warriors (D:6)
  4 centaurs (D:6)
  2 ogres (D:4)
  An ice beast (D:5)
  A big kobold (Sewer)
  4 iguanas
  2 worker ants
  3 orc wizards
  A hound skeleton (D:5)
  8 adders
  4 gnolls (D:3)
  3 river rats
  2 shadow imps
  2 adder skeletons
  2 worms
  4 giant geckos
  16 orcs
  A ball python (D:3)
  A bat (D:3)
  5 giant cockroaches
  7 hobgoblins
  8 jackals
  9 kobolds
  2 quokkas (D:6)
  A giant gecko zombie (D:5)
  2 giant newts (D:2)
  6 goblins
  A quokka zombie (D:5)
  10 rats
116 creatures vanquished.

Notes
Turn   | Place    | Note
--------------------------------------------------------------
     0 | D:1      | Jerry the Deep Dwarf Berserker began the quest for the Orb.
     0 | D:1      | Reached XP level 1. HP: 20/20 MP: 1/1
   763 | D:1      | Reached XP level 2. HP: 25/27 MP: 2/2
  1015 | D:2      | Reached skill level 4 in Axes
  1015 | D:2      | Reached XP level 3. HP: 29/33 MP: 3/3
  1327 | D:2      | Reached XP level 4. HP: 38/40 MP: 4/4
  1438 | D:2      | Found an ancient bone altar of Kikubaaqudgha.
  1443 | D:2      | Reached ** piety under Trog
  1582 | D:2      | Found a burning altar of Makhleb.
  1766 | D:3      | Found a basalt altar of Yredelemnul.
  2185 | D:3      | Reached skill level 5 in Armour
  2185 | D:3      | Reached XP level 5. HP: 19/46 MP: 5/5
  2330 | D:3      | Found a glowing drain.
  2337 | Sewer    | Entered a sewer
  2471 | Sewer    | Reached skill level 5 in Axes
  2541 | Sewer    | Found a white marble altar of Elyvilon.
  2715 | D:3      | Noticed Sigmund
  2728 | D:3      | Killed Sigmund
  2728 | D:3      | Reached skill level 6 in Armour
  2728 | D:3      | Reached XP level 6. HP: 46/55 MP: 6/6
  2827 | D:3      | Reached *** piety under Trog
  3038 | D:4      | Found a glowing golden altar of the Shining One.
  3195 | D:4      | HP: 4/82 [ogre/giant spiked club (16)]
  3196 | D:4      | Reached XP level 7. HP: 4/62 MP: 7/7
  3297 | D:4      | Found Rots's Antique Weapon Emporium.
  3432 | D:4      | Found a sacrificial altar of Ru.
  3440 | D:4      | Reached skill level 1 in Evocations
  3580 | D:4      | Reached skill level 7 in Armour
  3675 | D:5      | Entered Level 5 of the Dungeon
  4344 | D:5      | Reached XP level 8. HP: 41/69 MP: 10/10
  5193 | D:6      | Reached skill level 8 in Armour
  5193 | D:6      | Reached skill level 5 in Evocations
  5522 | D:6      | HP: 1/69 [poisoned by an orc wizard]
  5523 | D:6      | Succumbed to an orc wizard's poison

Action                   |  1- 3 |  4- 6 |  7- 9 || total
-------------------------+-------+-------+-------++-------
Melee: Hand axe          |   109 |   273 |       ||   382
       War axe           |       |       |   179 ||   179
Invok: Berserk           |       |     5 |     6 ||    11
       Trog's Hand       |       |     2 |     4 ||     6
Evoke: Wand              |     2 |       |     1 ||     3
  Use: Scroll            |       |       |    13 ||    13
 Stab: Sleeping          |     2 |       |       ||     2
  Eat: Chunk             |     1 |     7 |     9 ||    17
       Meat ration       |       |     1 |       ||     1
       Bread ration      |       |       |     1 ||     1
       Fruit             |       |       |     1 ||     1
